 Dungeon Crawl Stone Soup version 0.28.0-45-g0d030f2227 (webtiles) character file.

Game seed: 5052186029770252485

616 NinjaNoafa the Skirmisher (level 7, -5/62 HPs)
             Began as a Hill Orc Fighter on Apr 16, 2022.
             Was an Initiate of Makhleb.
             Killed by nerve-wracking pain
             ... invoked by an orc priest
              (13 damage)
             ... on level 4 of the Dungeon.
             The game lasted 00:08:38 (3613 turns).

NinjaNoafa the Skirmisher (Hill Orc Fighter)        Turns: 3613, Time: 00:08:39

Health: -5/62      AC:  9    Str: 21    XL:     7   Next: 45%
Magic:  8/8        EV:  9    Int:  8    God:    Makhleb [......]
Gold:   121        SH:  6    Dex: 10    Spells: 6/6 levels left

rFire   . . .      SeeInvis .   a - +2 war axe
rCold   . . .      Faith    .   c - +1 buckler
rNeg    . . .      Spirit   .   b - +0 scale mail
rPois   .          Reflect  .   f - +1 helmet
rElec   .          Harm     .   (no cloak)
rCorr   .          Rampage  .   (no gloves)
Will    .....                   (no boots)
Stlth   ..........              e - amulet of the acrobat
HPRegen 0.20/turn               (no ring)
MPRegen 0.11/turn               (no ring)

@: no status effects
A: no striking features
a: Renounce Religion, Convert to Beogh


You were on level 4 of the Dungeon.
You worshipped Makhleb.
Makhleb was noncommittal.
You visited 1 branch of the dungeon, and saw 4 of its levels.

You collected 135 gold pieces.
You spent 14 gold pieces at shops.

Inventory:

Hand Weapons
 a - a +2 war axe (weapon)
Missiles
 j - 41 stones (quivered)
Armour
 b - a +0 scale mail (worn)
 c - a +1 buckler (worn)
 f - a +1 helmet (worn)
 i - a +0 leather armour
 k - a +0 chain mail
Magical Staves
 m - a staff of cold
Jewellery
 e - an amulet of the acrobat (around neck)
Wands
 n - a wand of mindburst (13)
Potions
 d - a potion of resistance
 g - a potion of degeneration


   Skills:
 + Level 5.7 Fighting
 - Level 5.0 Axes
 + Level 5.3 Armour
 + Level 5.2 Shields
 + Level 2.2 Invocations
 + Level 1.6 Evocations


You had 6 spell levels left.
You didn't know any spells.
Your spell library was empty.

Dungeon Overview and Level Annotations

Branches:
Dungeon (4/15)
 Temple: D:4-7

Altars:
Dithmenos
Elyvilon
Gozag
Makhleb
Nemelex Xobeh
Sif Muna
Trog
Wu Jian
Yredelemnul
Zin
The Shining One

Shops:
D:2 !


Message History

You finish putting on your +1 helmet.
You feel better.
The endoplasm jiggles.
The orc hits you but does no damage.
The giant cockroach bites you but does no damage.
The orc hits you but does no damage.
The orc priest shouts, "Beogh is our master!
Accept the truth or die!"
You slash the orc priest!
You kill the orc priest!
Makhleb accepts your kill.
You slash the giant cockroach!
You kill the giant cockroach!
Makhleb accepts your kill.
You slash the orc!
You kill the orc!
Makhleb accepts your kill.
You hit the orc. The orc hits you with a +0 hand axe.
You slash the endoplasm!
You kill the endoplasm!
Makhleb accepts your kill.
You hit the orc. The orc hits you with a +0 hand axe.
You barely miss the orc priest. You barely miss the orc.
The orc priest threatens, "By the altar or by the axe, you will meet Beogh!"
The orc closely misses you.
The orc priest calls upon Beogh to heal the orc.
The orc is healed somewhat.
You hit the orc priest.
The orc priest is lightly wounded.
You closely miss the orc. The orc hits you but does no damage.
The orc priest invokes the aid of Beogh against you.
Pain shoots through your body!
* * * LOW HITPOINT WARNING * * *
The orc hits you but does no damage.
The orc priest hits you but does no damage.
You barely miss the orc priest.
The orc priest is lightly wounded.
You barely miss the orc. The orc completely misses you.
The orc priest calls down the wrath of Beogh upon you.
Pain shoots through your body!
You die...

#.#.....#.... ##
#.#.$$[$#..... #.
#.#.._..#..... #.
#.#.....#...# #.
#.#..$..#..###.. #.
#.###.###+###....#.. #.
......w......#.#.. #.
..###.)oo.....#..# ...#.
...>..†@##......###...#.
.......###.o..w.......#.
............o.........#.
......................#.
###...#........##.#...#.
##..#.......J..##...#.
..........##..#....##
...........##..#......
.#.......##....#....


You could see a worm, an orc priest and an orc.

Vanquished Creatures
  The ghost of nickcage the Cudgeller, an amateur MiAK of Lugonu (D:4)
  An ogre (D:3)
  2 bullfrog zombies (D:4)
  2 orc priests (D:4)
  A centaur skeleton (D:4)
  Natasha (thrice) (D:2)
  8 adders
  A worm (D:3)
  A dart slug (D:2)
  5 orcs (D:4)
  3 ball pythons
  5 bats
  3 endoplasms
  3 giant cockroaches
  8 goblins
  9 hobgoblins
  4 jackals (D:3)
  5 quokkas
  3 frilled lizards
  3 kobolds
  7 rats
78 creatures vanquished.

Vanquished Creatures (others)
  An orc wizard (D:4)
1 creature vanquished.

Grand Total: 79 creatures vanquished

Notes
Turn   | Place    | Note
-------+----------+-------------------------------------------
     0 | D:1      | NinjaNoafa the Hill Orc Fighter began the quest for the
                  | Orb.
     0 | D:1      | Reached XP level 1. HP: 19/19 MP: 1/1
   252 | D:1      | Reached XP level 2. HP: 26/27 MP: 2/2
  1082 | D:1      | Reached XP level 3. HP: 31/33 MP: 3/3
  1410 | D:2      | Noticed Natasha
  1416 | D:2      | Killed Natasha
  1417 | D:2      | Reached XP level 4. HP: 31/40 MP: 4/4
  1509 | D:2      | Noticed Natasha
  1520 | D:2      | Killed Natasha
  1722 | D:2      | Noticed Natasha
  1724 | D:2      | Found Wiroamm's Distillery.
  1734 | D:2      | Killed Natasha
  1735 | D:2      | Reached XP level 5. HP: 42/47 MP: 5/5
  1774 | D:2      | Bought a potion of degeneration for 14 gold pieces
  2307 | D:2      | Found a faded altar of an unknown god.
  2439 | D:3      | Found a glowing silver altar of Zin.
  2528 | D:3      | Noticed an ogre
  2537 | D:3      | Killed an ogre
  2538 | D:3      | Reached skill level 5 in Fighting
  2538 | D:3      | Reached XP level 6. HP: 42/56 MP: 6/6
  2884 | D:3      | Found a white marble altar of Elyvilon.
  2887 | D:3      | Found a sparkling altar of Nemelex Xobeh.
  2888 | D:3      | Found a burning altar of Makhleb.
  2894 | D:3      | Found a bloodstained altar of Trog.
  2897 | D:3      | Found an ornate altar of the Wu Jian Council.
  2905 | D:3      | Became a worshipper of Makhleb the Destroyer
  2924 | D:3      | Found a basalt altar of Yredelemnul.
  2928 | D:3      | Found a shadowy altar of Dithmenos.
  2930 | D:3      | Found a shimmering blue altar of Sif Muna.
  3045 | D:3      | Found an opulent altar of Gozag.
  3309 | D:4      | Reached skill level 5 in Axes
  3521 | D:4      | Found a runed translucent gate.
  3522 | D:4      | Found a runed translucent gate.
  3523 | D:4      | Found a runed translucent gate.
  3530 | D:4      | Noticed nickcage's ghost (amateur MiAK)
  3539 | D:4      | Reached skill level 1 in Invocations
  3545 | D:4      | Reached skill level 5 in Armour
  3545 | D:4      | Killed nickcage's ghost
  3546 | D:4      | Reached skill level 5 in Shields
  3546 | D:4      | Reached skill level 1 in Evocations
  3546 | D:4      | Reached XP level 7. HP: 52/61 MP: 6/8
  3597 | D:4      | Found a glowing golden altar of the Shining One.
  3613 | D:4      | Killed from afar by an orc priest

Illustrated notes

Levels and vault maps discovered:
D:1:      minmay_arrival_stair_chambers, layout_loops_corners
D:2:      layout_basic, serial_shops, nicolae_square_shop,
          ebering_ecumenical_altar_rust, minmay_misc_feat_doors,
          lemuel_another_geyser, uniq_natasha
D:3:      layout_loops_ring, mainiacjoe_overflow_brackets,
          mainiacjoe_overflow_alcove_2, nicolae_overflow_hallway_of_the_gods
D:4:      layout_cave_pools, amcnicky_altar_gilded, okawaru_ov_weapons_minmay,
          portal_sewer_entry_c, gammafunk_ghost_necromancy, grunt_decor_clamped,
          hex_large, kennysheep_path_1, st_stairs_11, mrwooster_statue_mirror

Skill      XL: |  1  2  3  4  5  6 |
---------------+-------------------+-----
Axes           | 3 4 5 |  5.0
Fighting       | 4 5 |  5.7
Armour         | 4 5 |  5.3
Shields        | 4 5 |  5.2
Invocations    | 2 |  2.2
Evocations     | 1 |  1.6

Action                   |  1- 3 |  4- 6 |  7- 9 || total
-------------------------+-------+-------+-------++-------
Melee: War axe           |    90 |   143 |    13 ||   246
Throw: Stone             |       |     2 |       ||     2
  Use: Scroll            |       |     8 |       ||     8
       Potion            |       |     7 |     4 ||    11
 Stab: Invisible         |       |     2 |     1 ||     3
Armor: Scale mail        |    37 |    72 |    15 ||   124
       Leather armour    |       |     5 |       ||     5
       Skin              |       |     3 |       ||     3
Dodge: Dodged            |    63 |   106 |    13 ||   182
Block: Buckler           |    24 |    40 |     2 ||    66
